 Dungeon Crawl Stone Soup version 0.30.1-11-g7821555f0a (webtiles) character file.

Game seed: 1036726860272784807

221296 lonewolfV2 the Peltast (level 18, 0/166 HPs)
             Began as a Minotaur Fighter on Nov 14, 2023.
             Was a High Priest of Qazlal.
             Succumbed to a green death's bolt of poison
             ... on level 3 of the Abyss.
             The game lasted 01:10:16 (27444 turns).

lonewolfV2 the Peltast (Minotaur Fighter)          Turns: 27444, Time: 01:10:17

Health: 0/166      AC: 28    Str: 27      XL:     18   Next: 50%
Magic:  2/29       EV: 12    Int:  1 (3)  God:    Qazlal [*****.]
Gold:   4514       SH: 34    Dex: 15      Spells: 17/17 levels left

rFire   . . .        a - +9 war axe (protect)
rCold   + + +        J - +7 tower shield of Intercession {rCorr Dex-3 SInv}
rNeg    . . .        S - +2 chain mail {Will+}
rPois   +            (helmet restricted)
rElec   .            p - +2 cloak
rCorr   +            e - +0 pair of gloves "Vushos" {rPois rC+++}
SInv    +            (no boots)
Will    ++...        M - amulet of regeneration
Stlth   +            W - +4 ring of protection
HPRegen 0.00/turn    s - +4 ring of protection
MPRegen 0.21/turn

%: random rage (3%), repel missiles
@: lethally poisoned (0 -> -4), protected from physical damage, sick, unable to
drink
A: horns 2, retaliatory headbutt, agile 1, strong 1, [berserk 1], [deformed
body], [screaming 2], ([teleportitis 1]), [inability to drink after injury 2]
}: 1/15 runes: serpentine
a: Renounce Religion, Upheaval, Elemental Force, Disaster Area


You were on level 3 of the Abyss.
You worshipped Qazlal.
Qazlal was extremely pleased with you.
You visited 4 branches of the dungeon, and saw 28 of its levels.
You visited the Abyss 1 time.

You collected 5054 gold pieces.
You spent 540 gold pieces at shops.

Inventory:

Hand Weapons
 a - a +9 war axe of protection (weapon)
 y - a +2 war axe of freezing
 L - the +8 trident of the Octopus King {venom, rElec rPois}
   (You found it on level 1 of the Lair of Beasts)

   rElec:     It insulates you from electricity.
   rPois:     It protects you from poison.
 Y - the +5 long sword of Foank {holy, Drain rN+ Stlth+}
   (You found it on level 2 of the Swamp)

   rN:        It protects you from negative energy.
   Drain:     It drains your maximum health when unequipped.
   Stlth:     It makes you more stealthy.
Missiles
 N - 2 throwing nets (quivered)
Armour
 c - a +0 buckler
 e - the +0 pair of gloves "Vushos" (worn) {rPois rC+++}
   (You acquired it on level 1 of the Dungeon)

   rC:        It renders you almost immune to cold.
   rPois:     It protects you from poison.
 p - a +2 cloak (worn)
 H - a +0 plate armour
 J - the +7 tower shield of Intercession (worn) {rCorr Dex-3 SInv}
   (You found it on level 11 of the Dungeon)

   Dex:       It affects your dexterity (-3).
   SInv:      It lets you see invisible.
   rCorr:     It protects you from acid and corrosion.
 S - a +2 chain mail of willpower (worn)
Jewellery
 h - an amulet of faith
 k - a +5 ring of evasion
 s - a +4 ring of protection (right hand)
 I - a +4 ring of protection
 M - an amulet of regeneration (around neck)
 V - a +6 ring of dexterity
 W - a +4 ring of protection (left hand)
 Z - a ring of positive energy
Wands
 i - a wand of polymorph (23)
 r - a wand of mindburst (42)
 w - a wand of flame (69)
 D - a wand of iceblast (11)
 F - a wand of paralysis (20)
 R - a wand of acid (34)
Scrolls
 m - 10 scrolls of teleportation
 o - 7 scrolls of magic mapping
 v - 8 scrolls of poison
 x - 16 scrolls of identify
 A - 4 scrolls of fog
 G - 2 scrolls of enchant weapon
 P - 4 scrolls of fear
 Q - a scroll of blinking
 T - a scroll of summoning
Potions
 b - 6 potions of brilliance
 d - 13 potions of might
 f - 4 potions of attraction
 g - 2 potions of ambrosia
 j - 3 potions of mutation
 l - 18 potions of curing
 n - 9 potions of heal wounds
 q - 7 potions of haste
 t - 4 potions of degeneration
 u - 2 potions of resistance
 z - 3 potions of cancellation
 B - 4 potions of invisibility
 C - 5 potions of berserk rage
 K - 5 potions of flight
 O - 2 potions of magic
Miscellaneous
 E - a box of beasts
 U - a lightning rod (2/4)


   Skills:
 - Level 15.9 Fighting
 - Level 14.7(16.0) Axes
 - Level 10.3(13.8) Polearms
 - Level 15.8 Armour
 - Level 8.5 Dodging
 - Level 12.0 Stealth
 * Level 17.9 Shields
 - Level 16.9 Invocations


You had 17 spell levels left.
You didn't know any spells.
Your spell library contained the following spells:

 Spells                   Type           Power      Damage    Failure   Level
 Sting                    Tmut/Pois      0%         1d3       98%         1
 Blink                    Tloc           0%         N/A       99%         2
 Lesser Beckoning         Tloc           0%         N/A       99%         2
 Momentum Strike          Conj/Tloc      0%         3d8       99%         2
 Poisonous Vapours        Pois/Air       0%         N/A       99%         2
 Sublimation of Blood     Necr           0%         N/A       99%         2
 Frozen Ramparts          Ice            0%         1d1       100%        3
 Inner Flame              Hex/Fire       0%         N/A       100%        3
 Mephitic Cloud           Conj/Pois/Air  0%         N/A       100%        3
 Vhi's Electric Charge    Tloc/Air       0%         N/A       100%        3
 Volatile Blastmotes      Fire/Tloc      0%         2d10      100%        3
 Animate Dead             Necr           0%         N/A       100%        4
 Cause Fear               Hex            0%         N/A       100%        4
 Fulminant Prism          Conj/Hex       0%         3d5       100%        4
 Ice Form                 Ice/Tmut       0%         N/A       100%        4
 Iskenderun's Mystic Bla  Conj/Tloc      0%         2d3       100%        4
 Olgreb's Toxic Radiance  Pois           0%         N/A       100%        4
 Petrify                  Tmut/Erth      0%         N/A       100%        4
 Summon Ice Beast         Ice/Summ       0%         N/A       100%        4
 Arcjolt                  Conj/Air       0%         1d10      100%        5
 Blade Hands              Tmut           0%         N/A       100%        5
 Borgnjor's Vile Clutch   Necr/Erth      0%         N/A       100%        5
 Freezing Cloud           Conj/Ice/Air   0%         6-21      100%        5
 Irradiate                Conj/Tmut      0%         3d11      100%        5
 Lee's Rapid Deconstruct  Erth           0%         3d4*      100%        5
 Yara's Violent Unravell  Hex/Tmut       0%         3d3       100%        5
 Death Channel            Necr           0%         N/A       100%        6
 Plasma Beam              Fire/Air       0%         2x1d11    100%        6
 Statue Form              Tmut/Erth      0%         N/A       100%        6
 Dragon Form              Tmut           0%         N/A       100%        7
 Enfeeble                 Hex            0%         N/A       100%        7
 Dragon's Call            Summ           0%         N/A       100%        9
 Shatter                  Erth           0%         3d5*      100%        9


Dungeon Overview and Level Annotations

Branches:
Dungeon (15/15)            Temple (0/1) D:5            Lair (5/5) D:11
  Swamp (4/4) Lair:3        Snake (4/4) Lair:3        Slime (0/5) Lair:5
    Orc (0/2) D:9          Vaults (0/5) D:13         Depths (0/4) D:15

Altars:
Elyvilon
Hepliaklqana
Qazlal
Trog
The Shining One

Shops:
D:1 :(!*   D:3 (   D:5 [=   D:13 *   Snake:1 :=:

Annotations:
Swamp:4 Louise


Innate Abilities, Weirdness & Mutations

You have a pair of horns on your head.
You reflexively headbutt those who attack you in melee.
You are agile. (Dex +4, Str/Int -1)
Your muscles are strong. (Str +4, Int/Dex -1)
[You sometimes lose your temper in combat.]
[Armour fits poorly on your strangely shaped body.]
[You frequently scream uncontrollably at your foes.]
[((You are occasionally teleported next to monsters.))]
[You sometimes lose the ability to drink potions when taking damage.]


Message History

Aim: a bone dragon (moderately damaged, ally target) That beam is likely to hit you.
Continue anyway?
Really fire at your earth elemental?
Okay, then.
There is a lethal amount of poison in your body!
Your unstable footing causes you to fumble your attack.
* * * LOW HITPOINT WARNING * * *
You feel very sick.
A starcursed mass splits.
You block the green death's attack. You block the bone dragon's attack.
The bone dragon claws you but does no damage.
The bone dragon tramples you but does no damage.
You cannot drink potions in your current state!
Activating: Elemental Force (0% risk of failure)
Press: ? - help, Dir - look around, f - activate Clouds arounds you coalesce and take form!
* * * LOW HITPOINT WARNING * * *
You feel very sick.
A starcursed mass splits.
You block the green death's attack. You block the bone dragon's attack.
The bone dragon claws you but does no damage.
The bone dragon tramples you but does no damage.
Your earth elemental hits the bone dragon!!
Your earth elemental hits the bone dragon.
The green death attacks as you move away!
You block the green death's attack.
You are suddenly pulled into a different region of the Abyss!
* * * LOW HITPOINT WARNING * * *
You feel very sick.
You cannot drink potions in your current state!
* * * LOW HITPOINT WARNING * * *
You feel sick.
You cannot drink potions in your current state!
Okay, then.
* * * LOW HITPOINT WARNING * * *
You feel sick.
Blink to where?
Press: ? - help, Q - select action, (/) - cycle Dir - move target
As you read the scroll of blinking, it crumbles to dust.
You die...

..#.... ....... .
....... .. ...
........ .... ....
#..... ....#
#...###...###...##
.....#.....#.....#
..........@.......
.....○...○°.......
........°.........
..#○§..○#.....# .
##...###...##
#.°○..# ....#
......... ....
................
...............


There were no monsters in sight!

Vanquished Creatures
  Vashnia (Snake:2)
  Nikola (Snake:2)
  A tentacled monstrosity (Swamp:1)
  Frances (Snake:2)
  A tentacled starspawn (Abyss:3)
  Donald (Snake:3)
  A thorn hunter (Swamp:2)
  12 nagarajas (Snake:4)
  Aizul (Snake:1)
  Azrael (Snake:2)
  3 eleionomae
  A purple draconian (Abyss:3)
  Snorg (D:11)
  2 bunyips
  An entropy weaver (shapeshifter) (D:12)
  A shambling mangrove (Swamp:2)
  Josephine (D:11)
  2 fire dragons
  A great orb of eyes (D:15)
  An ice dragon (D:15)
  8 hydras
  Fannar (D:11)
  Harold (Lair:2)
  3 ghost crabs
  A catoblepas (Lair:5)
  A two-headed ogre (shapeshifter) (D:13)
  A death knight (D:15)
  16 anacondas
  4 centaur warriors
  2 boulder beetles
  9 alligators
  2 tengu warriors
  A death yak (Lair:2)
  4 two-headed ogres
  8 naga warriors
  Urug (D:13)
  9 shock serpents
  22 naga sharpshooters
  2 shadow wraiths
  Nergalle (D:12)
  A skeletal warrior (D:15)
  3 wretched stars (Abyss:3)
  6 skysharks
  3 sea snakes (Snake:4)
  9 goliath frogs
  2 spriggan druids
  A spatial maelstrom (Abyss:3)
  14 naga ritualists
  6 bog bodies
  2 wizards
  5 swamp dragons
  A lindwurm (D:13)
  17 mana vipers
  A harpy (shapeshifter) (D:11)
  16 ugly things
  An orc knight (D:12)
  6 deep elf pyromancers
  3 manticores
  2 cyclopes
  A will-o-the-wisp (Swamp:3)
  8 salamanders
  11 elephants
  66 black mambas
  6 guardian serpents
  2 large abominations (Abyss:3)
  11 naga magi
  A smoke demon (Abyss:3)
  2 torpor snails
  21 cane toads
  Maggie (Lair:1)
  4 kobold demonologists
  11 komodo dragons
  2 efreet
  5 freezing wraiths
  2 ancient zymes (Abyss:3)
  4 trolls
  A queen bee (shapeshifter) (D:13)
  A merfolk (shapeshifter) (D:13)
  A meliai (shapeshifter) (D:15)
  4 polar bears (Lair:5)
  9 tyrant leeches
  13 hornets
  13 dream sheep
  27 blink frogs
  A slime creature (D:12)
  8 wyverns
  12 spriggans
  7 wraiths
  3 shadows (D:12)
  A ynoxinul (Abyss:3)
  53 yaks
  3 swamp worm simulacra (Swamp:4)
  A fire elemental (Snake:2)
  2 steam dragons (D:8)
  27 vampire mosquitoes
  4 basilisks
  A chaos spawn (Abyss:3)
  11 swamp worms
  2 neqoxecs (Abyss:3)
  2 acid dragons
  51 nagas
  4 hell hounds (Snake:2)
  3 hydra simulacra (Swamp:4)
  14 water moccasins
  A swamp drake (Lair:3)
  3 orc warriors
  3 ogres
  2 black bears
  3 sky beasts
  An ice beast (D:7)
  22 centaurs
  12 wolves
  7 kobold brigands
  16 bullfrogs
  5 scorpions (D:6)
  A gnoll sergeant (D:8)
  4 wights (D:7)
  2 killer bees (D:9)
  4 small abominations (Abyss:3)
  6 howler monkeys
  2 electric eels (Lair:5)
  A howler monkey (shapeshifter) (D:13)
  5 hounds
  A quasit (Abyss:3)
  2 jellies (D:6)
  7 orc priests
  An iguana (D:6)
  A sleepcap (D:6)
  11 orc wizards
  13 hell rats
  13 adders
  20 gnolls
  6 shadow imps
  3 white imps (D:6)
  An ufetubus (D:7)
  4 swamp drake simulacra (Swamp:4)
  3 worms
  A dart slug (D:2)
  38 orcs
  9 ball pythons
  4 endoplasms
  6 giant cockroaches
  7 goblins
  9 hobgoblins
  3 jackals (D:2)
  16 kobolds
  4 quokkas
  9 bats
  3 frilled lizards
  An orc zombie (D:9)
  4 rats
  3 starspawn tentacles (Abyss:3)
971 creatures vanquished.

Vanquished Creatures (collateral kills)
  Jorgrun (Swamp:1)
  An eleionoma (Swamp:2)
  2 alligators
  A swamp dragon (Swamp:2)
  A tyrant leech (Swamp:2)
  A swamp drake (Swamp:2)
7 creatures vanquished.

Vanquished Creatures (others)
  A fenstrider witch (Swamp:2)
  A caustic shrike skeleton (Abyss:3)
  A bunyip (Swamp:4)
  An alligator (Swamp:4)
  A mana viper (Snake:1)
  2 will-o-the-wisps (Swamp:4)
  2 freezing wraiths (Swamp:4)
  A tyrant leech (Swamp:4)
  7 bloated husks
  A blink frog (Lair:5)
  4 vampire mosquitoes (Swamp:1)
  A swamp worm simulacrum (Swamp:4)
  A naga (Snake:2)
  A hydra simulacrum (Swamp:4)
  18 foxfires
  A starspawn tentacle (Abyss:3)
44 creatures vanquished.

Grand Total: 1022 creatures vanquished

Notes
Turn   | Place    | Note
-------+----------+-------------------------------------------
     0 | D:1      | lonewolfV2 the Minotaur Fighter began the quest for the
                  | Orb.
     0 | D:1      | Reached XP level 1. HP: 19/19 MP: 0/0
   225 | D:1      | Reached XP level 2. HP: 22/27 MP: 1/1
   354 | D:1      | Found Ewar's Assorted Antiques.
   356 | D:1      | Found Huxzis's Weapon Shop.
   398 | D:1      | Found Mamaog's Distillery.
   423 | D:1      | Found Zaxtukic's Book Emporium.
   462 | D:1      | Identified a scroll of acquirement
   462 | D:1      | Acquired the +0 pair of gloves "Vushos" {rPois rC+++}
   646 | D:2      | Reached XP level 3. HP: 30/34 MP: 2/2
   789 | D:2      | Reached XP level 4. HP: 21/41 MP: 3/3
   790 | D:2      | Reached skill level 5 in Fighting
   790 | D:2      | Reached skill level 5 in Armour
  1336 | D:3      | Reached XP level 5. HP: 48/48 MP: 4/4
  1449 | D:3      | Noticed an ogre
  1456 | D:3      | Killed an ogre
  1463 | D:3      | Found a faded altar of an unknown god.
  1478 | D:3      | Prayed at the altar of an unknown god.
  1478 | D:3      | Became a worshipper of Qazlal Stormbringer
  1478 | D:3      | Reached * piety under Qazlal
  1547 | D:3      | Reached XP level 6. HP: 56/57 MP: 5/5
  1726 | D:3      | Found Axobaul's Weapon Boutique.
  2220 | D:3      | Found a glowing golden altar of the Shining One.
  2542 | D:4      | Reached XP level 7. HP: 66/66 MP: 6/6
  2612 | D:4      | Reached ** piety under Qazlal
  2944 | D:5      | Entered Level 5 of the Dungeon
  3049 | D:5      | Found Ubioqeth's Antique Armour Shop.
  3070 | D:5      | Found Voplueph's Jewellery Emporium.
  3432 | D:5      | Identified the +2 ring mail "Kexkinal" {rF++ Str+2}
  3490 | D:5      | Reached skill level 1 in Invocations
  3490 | D:5      | Found a staircase to the Ecumenical Temple.
  3859 | D:6      | Reached skill level 4 in Shields
  3867 | D:6      | Reached XP level 8. HP: 74/74 MP: 7/9
  4004 | D:6      | Reached skill level 5 in Shields
  4178 | D:6      | Reached skill level 5 in Invocations
  4200 | D:6      | Reached skill level 6 in Shields
  4445 | D:6      | Reached *** piety under Qazlal
  4598 | D:7      | Reached XP level 9. HP: 81/81 MP: 12/12
  4761 | D:7      | Reached skill level 7 in Shields
  5696 | D:8      | Reached **** piety under Qazlal
  6341 | D:8      | Reached skill level 5 in Axes
  6418 | D:8      | Acquired 715 gold pieces
  6568 | D:9      | Reached XP level 10. HP: 84/88 MP: 15/15
  6670 | D:9      | Found a white marble altar of Elyvilon.
  6670 | D:9      | Found a hazy altar of Hepliaklqana.
  6681 | D:9      | Found a staircase to the Orcish Mines.
  7028 | D:9      | Found a bloodstained altar of Trog.
  7359 | D:10     | Entered Level 10 of the Dungeon
  7732 | D:10     | Reached skill level 10 in Axes
  7743 | D:10     | Reached ***** piety under Qazlal
  7744 | D:10     | Reached skill level 10 in Invocations
  7897 | D:10     | Reached XP level 11. HP: 89/94 MP: 17/17
  8472 | D:11     | Reached skill level 8 in Shields
  8485 | D:10     | Reached skill level 9 in Shields
  8573 | D:11     | Noticed Josephine
  8573 | D:11     | Noticed a harpy
  8573 | D:11     | Noticed Snorg
  8583 | D:11     | Killed Josephine
  8584 | D:11     | Reached skill level 10 in Shields
  8584 | D:11     | Killed a harpy
  8589 | D:11     | Killed Snorg
  8590 | D:11     | Reached skill level 11 in Shields
  8684 | D:11     | Found a staircase to the Lair.
  8984 | D:11     | Identified the +7 tower shield of Intercession {rCorr Dex-3
                  | SInv}
  9093 | D:11     | Noticed Fannar
  9103 | D:11     | Killed Fannar
  9358 | D:12     | Noticed a deep elf pyromancer
  9362 | D:12     | Noticed a deep elf pyromancer
  9364 | D:12     | Noticed an orc knight
  9554 | D:12     | Killed an orc knight
  9558 | D:12     | Killed a deep elf pyromancer
  9566 | D:12     | Killed a deep elf pyromancer
  9567 | D:12     | Reached XP level 12. HP: 96/101 MP: 19/19
  9600 | D:12     | Reached skill level 10 in Armour
  9606 | D:12     | Noticed a boulder beetle
  9615 | D:12     | Noticed Nergalle
  9620 | D:12     | Noticed a tengu warrior
  9633 | D:12     | Killed Nergalle
  9639 | D:12     | Killed a tengu warrior
  9645 | D:12     | Killed a boulder beetle
  9694 | D:12     | Gained mutation: You are robust. (+10% HP) [a neqoxec]
 10120 | D:12     | Noticed a fire dragon
 10142 | D:12     | Killed a fire dragon
 10583 | D:12     | Lost mutation: You are robust. (+10% HP) [potion of
                  | mutation]
 10583 | D:12     | Gained mutation: You are agile. (Dex +4, Str/Int -1)
                  | [potion of mutation]
 10583 | D:12     | Gained mutation: Your muscles are strong. (Str +4, Int/Dex
                  | -1) [potion of mutation]
 10627 | D:12     | Got the Codex of the Anticline
 11001 | D:13     | Noticed a two-headed ogre
 11005 | D:13     | Noticed an entropy weaver
 11006 | D:13     | Killed a two-headed ogre
 11011 | D:13     | Noticed Urug
 11022 | D:12     | Killed an entropy weaver
 11104 | D:13     | a cyclops changed into a two-headed ogre
 11104 | D:13     | Noticed a two-headed ogre (shapeshifter)
 11108 | D:13     | Killed a two-headed ogre
 11111 | D:13     | Killed Urug
 11112 | D:13     | Reached skill level 10 in Fighting
 11172 | D:13     | Noticed a two-headed ogre
 11175 | D:13     | Noticed a two-headed ogre
 11177 | D:13     | Killed a two-headed ogre
 11187 | D:13     | Killed a two-headed ogre
 11187 | D:13     | Reached ****** piety under Qazlal
 11464 | D:13     | Found Pefriosk's Neck Hole.
 11474 | D:13     | Noticed a centaur warrior
 11483 | D:13     | Killed a centaur warrior
 11487 | D:13     | Reached XP level 13. HP: 114/116 MP: 21/21
 11740 | D:13     | an anaconda changed into a spark wasp
 11740 | D:13     | Noticed a spark wasp (glowing shapeshifter)
 11742 | D:13     | a spark wasp changed into an ettin
 11742 | D:13     | Noticed an ettin (glowing shapeshifter)
 11743 | D:13     | an ettin changed into an anaconda
 11765 | D:13     | Found a gate to the Vaults.
 13299 | D:15     | Entered Level 15 of the Dungeon
 13381 | D:15     | Noticed a fire dragon
 13392 | D:15     | Reached skill level 12 in Shields
 13395 | D:15     | Killed a fire dragon
 13497 | D:15     | Found a staircase to the Depths.
 13643 | D:15     | Reached XP level 14. HP: 29/130 MP: 22/22
 13958 | D:15     | Paralysed by a great orb of eyes for 2 turns
 14531 | Lair:1   | Entered Level 1 of the Lair of Beasts
 14556 | Lair:1   | Noticed Maggie
 14559 | Lair:1   | Reached skill level 13 in Shields
 14571 | Lair:1   | Killed Maggie
 15035 | Lair:1   | Found the +8 trident of the Octopus King {venom, rElec
                  | rPois}
 15765 | Lair:2   | Noticed Harold
 15779 | Lair:2   | Killed Harold
 16001 | Lair:2   | Reached skill level 1 in Stealth
 16875 | Lair:3   | Reached skill level 5 in Stealth
 16918 | Lair:3   | Found a staircase to the Snake Pit.
 17102 | Lair:3   | Found a staircase to the Swamp.
 18207 | Lair:4   | Reached XP level 15. HP: 137/137 MP: 25/25
 18870 | Lair:5   | Entered Level 5 of the Lair of Beasts
 18883 | Lair:5   | Reached skill level 10 in Stealth
 18896 | Lair:5   | Reached skill level 15 in Invocations
 19579 | Lair:5   | Reached skill level 1 in Polearms
 19695 | Lair:5   | Identified the +2 scale mail "Toompav" {Int+2}
 19727 | Lair:5   | Found a staircase to the Slime Pits.
 20010 | Snake:1  | Entered Level 1 of the Snake Pit
 20019 | Snake:1  | Noticed Aizul
 20027 | Snake:1  | Reached skill level 5 in Polearms
 20032 | Snake:1  | Killed Aizul
 20543 | Snake:1  | Reached skill level 15 in Armour
 20669 | Snake:1  | Reached XP level 16. HP: 139/145 MP: 26/26
 20784 | Snake:1  | Found Cigyv's Book Shoppe.
 20784 | Snake:1  | Found Deatas's Jewellery Shop.
 20785 | Snake:1  | Found Temuwnir's Book Shoppe.
 20795 | Snake:1  | Bought a +6 ring of dexterity for 540 gold pieces
 21064 | Snake:2  | Noticed Vashnia
 21090 | Snake:2  | Killed Vashnia
 21160 | Snake:2  | Reached skill level 10 in Polearms
 21387 | Snake:2  | Reached skill level 14 in Shields
 21405 | Snake:2  | Noticed Azrael
 21416 | Snake:2  | Killed Azrael
 21659 | Snake:2  | Noticed Frances
 21664 | Snake:2  | Noticed Nikola
 21670 | Snake:2  | Killed Frances
 21680 | Snake:2  | Killed Nikola
 22160 | Snake:3  | Reached skill level 15 in Shields
 22665 | Snake:3  | Noticed Donald
 22690 | Snake:3  | Killed Donald
 23053 | Snake:4  | Entered Level 4 of the Snake Pit
 23087 | Snake:4  | Reached skill level 16 in Shields
 23091 | Snake:4  | Reached XP level 17. HP: 103/151 MP: 27/27
 24018 | Snake:4  | Reached skill level 15 in Fighting
 24454 | Snake:4  | Got a serpentine rune of Zot
 24862 | Swamp:1  | Entered Level 1 of the Swamp
 25000 | Swamp:1  | Acquired 1289 gold pieces
 25049 | Swamp:1  | Noticed a tentacled monstrosity
 25064 | Swamp:1  | Killed a tentacled monstrosity
 25302 | Swamp:1  | Noticed Jorgrun
 25309 | Swamp:1  | Killed Jorgrun
 25564 | Swamp:2  | Reached skill level 1 in Dodging
 25611 | Swamp:2  | Reached XP level 18. HP: 144/166 MP: 29/29
 25684 | Swamp:2  | Reached skill level 5 in Dodging
 25919 | Swamp:2  | Identified the +5 long sword of Foank {holy, Drain rN+
                  | Stlth+}
 26933 | Swamp:4  | Entered Level 4 of the Swamp
 27201 | Swamp:4  | Reached skill level 17 in Shields
 27209 | Swamp:4  | Noticed Louise
 27254 | Abyss:3  | Cast into level 3 of the Abyss (Louise)
 27422 | Abyss:3  | Noticed a bone dragon
 27440 | Abyss:3  | HP: 7/166 [poisoned by a green death (bolt of poison)]
 27442 | Abyss:3  | HP: 2/166 [poisoned by a green death (bolt of poison)]
 27444 | Abyss:3  | Succumbed to a green death's bolt of poison

Illustrated notes

Levels and vault maps discovered:
D:1:      dpeg_arrival_water_temple_mockup, layout_rooms, serial_shops,
          nicolae_shop_getting_attention, shop, nicolae_shop_dealshenge,
          nicolae_square_shop
D:2:      layout_rooms, hangedman_glass_teeth, nicolae_grassy_gnolls
D:3:      layout_loops_corners, tso_oasis_becter,
          hellmonk_ecumenical_altar_arch_garden, serial_shops,
          nicolae_shop_stone
D:4:      layout_loops_ring, minmay_manual_mares
D:5:      layout_loops_ring, minmay_temple_entry_statues_fountains,
          serial_shops, nicolae_shop_tiny_real_fake_doors,
          kennysheep_small_circle
D:6:      old_forge, layout_rooms, minmay_bent
D:7:      layout_cave_pools
D:8:      layout_loops_corners
D:9:      layout_basic, amcnicky_altar_gilded,
          gammafunk_temple_overflow_elements, orc_0_dummy,
          hangedman_minor_gate_pass
D:10:     layout_grid_maze, hangedman_abyss_or_decor_lesser_grid
D:11:     layout_gridville, minmay_lair_entry_grove, uniq_josephine,
          uniq_fannar, uniq_snorg
D:12:     dragon1_lemuel, layout_rooms, kb_rosetta, uniq_nergalle
D:13:     layout_irregular_city, david_vaults_4,
          nicolae_shop_sticking_my_neck_out, uniq_urug
D:14:     layout_loops_cross, nicolae_titane
D:15:     grunt_enter_depths_hoard, layout_irregular_city, corexii_corridor_pit
Lair:1:   layout_layer_cave, grunt_forest_large_clearings, uniq_maggie
Lair:2:   layout_cave_pods, grunt_megastairs_4, uniq_harold
Lair:3:   onia_ninara_swampy_vault, layout_cave_pods, swamp_mist,
          minmay_snake_entry_guardpost_medium
Lair:4:   layout_loops_ring, beast_lair_carwin_8, grunt_megastairs_1
Lair:5:   minmay_lair_end_frog_pond, layout_cave_shapes,
          dpeg_slime_entry_enclosed, portal_ice_cave_entry_pillars_1,
          cheibrodos_lair_lostbears
Swamp:1:  layout_falls_marsh, evilmike_swamp_ruin_wall,
          infiniplex_staircase_pool_2, uniq_jorgrun
Swamp:2:  layout_basic_swamp, evilmike_swamp_ruin_house_4
Swamp:3:  layout_basic_swamp, evilmike_swamp_ruin_rubble_1
Swamp:4:  swamp_icy, layout_basic_swamp, swamp_pool1, uniq_louise
Snake:1:  layout_onion, minmay_shop_grove, uniq_aizul
Snake:2:  layout_gridlike, uniq_frances, uniq_azrael, uniq_nikola, uniq_vashnia
Snake:3:  layout_misc_corridors, hangedman_snake_corridor_split, uniq_donald
Snake:4:  grunt_snake_rune_pools, layout_cave_town, serial_bayou_pond_d
Abyss:3:  base: D:6, evilmike_abyss_exit_mutagenic

Skill      XL: |  1  2  3  4  5  6  7  8  9 10 11 12 13 14 15 16 17 18 |
---------------+-------------------------------------------------------+-----
Fighting       | 4 5 6 7 8 11 13 15 | 15.9
Armour         | 4 5 6 7 8 9 13 14 15 | 15.8
Invocations    | 2 6 8 10 11 12 13 14 15 16 | 16.9
Shields        | 4 6 7 11 12 13 16 17 | 17.9
Axes           | 6 11 14 | 14.7
Stealth        | 9 12 | 12.0
Polearms       | 8 10 | 10.3
Dodging        | 4 8 |  8.5

Action                     |  1- 3 |  4- 6 |  7- 9 | 10-12 | 13-15 | 16-18 || total
---------------------------+-------+-------+-------+-------+-------+-------++-------
  Melee: War axe           |    59 |    76 |   246 |   333 |   614 |   970 ||  2298
         Headbutt          |     9 |    10 |    39 |    75 |   189 |   248 ||   570
         Trident           |       |       |       |       |    90 |    39 ||   129
 Invoke: Disaster Area     |       |       |       |       |     2 |     3 ||     5
         Upheaval          |       |       |       |       |       |     5 ||     5
         Elemental Force   |       |       |       |       |       |     8 ||     8
  Evoke: Wand              |       |       |       |     2 |       |       ||     2
         Lightning rod     |       |       |       |       |       |     2 ||     2
    Use: Scroll            |    11 |       |    10 |     4 |     7 |     5 ||    37
         Potion            |       |       |       |    10 |     4 |     1 ||    15
   Stab: Petrified         |       |       |       |       |     3 |       ||     3
         Paralysed         |       |       |       |       |       |     3 ||     3
 Armour: Scale mail        |    39 |    33 |    17 |       |       |       ||    89
         Chain mail        |       |       |   139 |    90 |    63 |   336 ||   628
         Plate armour      |       |       |       |    60 |   353 |       ||   413
  Dodge: Dodged            |    36 |    49 |   204 |   155 |   314 |   214 ||   972
         Repelled          |       |       |       |     2 |     7 |    18 ||    27
  Block: Buckler           |    25 |    24 |   184 |   109 |       |       ||   342
         Tower shield      |       |       |       |   311 |  1533 |  1898 ||  3742
